 Dungeon Crawl Stone Soup version 0.23.1 (webtiles) character file.

Game seed: 9961053825373765486

1915 GotenAND the Cleaver (level 8, 0/73 HPs)
             Began as a Deep Dwarf Fighter on Mar 15, 2019.
             Was a Follower of Makhleb.
             Slain by an orc warrior
             ... wielding a +0 halberd
              (12 damage)
             ... on level 6 of the Dungeon.
             The game lasted 00:12:07 (3660 turns).

GotenAND the Cleaver (Deep Dwarf Fighter)           Turns: 3660, Time: 00:12:08

Health: 0/73       AC: 11    Str: 20 (21) XL:     8   Next: 95%
Magic:  9/9        EV:  9    Int:  9 (10) God:    Makhleb [*.....]
Gold:   151        SH: 10    Dex: 10 (12) Spells: 13/13 levels left

rFire    . . .     SeeInvis .   a - +1 war axe
rCold    . . .     Gourm    .   c - +0 shield
rNeg     . . .     Faith    .   b - +0 scale mail
rPois    .         Spirit   .   v - +0 helmet
rElec    .         Reflect  .   (no cloak)
rCorr    .         Harm     .   e - +1 pair of gloves
MR       +....                  (no boots)
Stlth    ..........             (no amulet)
HPRegen  0.00/turn              (no ring)
MPRegen  0.11/turn              (no ring)

@: non-regenerating
A: damage resistance, heal wounds, sense surroundings 1, no regeneration
a: Heal Wounds, Renounce Religion


You were on level 6 of the Dungeon.
You worshipped Makhleb.
Makhleb was aware of your devotion.
You were not hungry.

You visited 1 branch of the dungeon, and saw 6 of its levels.
You also visited: Sewer.

You collected 151 gold pieces.

Inventory:

Hand Weapons
 a - a +1 war axe (weapon)
Armour
 b - a +0 scale mail (worn)
 c - a +0 shield (worn)
 e - a +1 pair of gloves (worn)
 v - a +0 helmet (worn)
Scrolls
 h - 4 scrolls of remove curse
 i - 3 scrolls of teleportation
 j - a scroll of blinking
 n - 3 scrolls of identify
 o - a scroll of fear
Potions
 d - 2 potions of might
 t - a potion of heal wounds
 w - 2 potions of flight
 x - 3 potions of curing
 B - a potion of haste
Comestibles
 f - 14 rations
 g - 2 chunks of flesh


   Skills:
 * Level 4.7 Fighting
 * Level 8.1 Axes
 * Level 5.8 Armour
 + Level 2.4 Dodging
 * Level 6.3 Shields
 * Level 3.0 Spellcasting


You had 13 spell levels left.
You didn't know any spells.
Your spell library contained the following spells:

 Spells                   Type           Power        Failure   Level  Hunger
 Animate Skeleton         Necr           N/A          94%         1    ##.....
 Apportation              Tloc           #.....       94%         1    ##.....
 Confusing Touch          Hex            #.....       94%         1    ##.....
 Summon Small Mammal      Summ           #...         94%         1    ##.....


Dungeon Overview and Level Annotations

Branches:
Dungeon (6/15)
 Temple: D:4-7

Altars:
Fedhas
Gozag
Kikubaaqudgha
Makhleb
Qazlal
Uskayaw
Wu Jian


Innate Abilities, Weirdness & Mutations

You are resistant to damage.
You can heal yourself by infusing magical energy.
You passively map a small area around you.
You do not regenerate.


Message History

You are too injured to fight recklessly!
You are too injured to fight recklessly!
You hit the orc warrior.
The orc warrior is moderately wounded.
The orc warrior barely misses you.
You hit the orc warrior but do no damage.
The orc warrior is moderately wounded.
The orc warrior hits you but does no damage.
You completely miss the orc warrior.
The orc warrior is moderately wounded.
The orc warrior hits you with a +0 halberd!
* * * LOW HITPOINT WARNING * * *
You hit the orc warrior.
The orc warrior is heavily wounded.
The orc warrior hits you with a +0 halberd!
* * * LOW HITPOINT WARNING * * *
Your shield prevents you from hitting the orc warrior.
The orc warrior is heavily wounded.
The orc warrior hits you with a +0 halberd!
You die...

* * * #.........#
, , ##.........# ,
,..........# *
.####.........# ,
, ,
..............# ,
, , ,#...........#
, , *,
#...o......# ,
..##.)@......# * *
, #..##†.......# *
, #........?..# ,
, * .##.......####
* , ..........# ,
,
..##.......####.#*
* , , .
#............># *
#..##...#.##.....
* * ..##....#.#
####*, ,


You could see an orc warrior.

Vanquished Creatures
  Sigmund (D:5)
  2 sky beasts (D:6)
  A phantom (D:5)
  An ogre (D:6)
  2 centaurs
  A big kobold (Sewer)
  2 bullfrogs
  3 wights (D:4)
  The ghost of libidonplus the Chopper, a weakling DsGl (D:3)
  2 quasits
  A bullfrog skeleton (D:5)
  A hound (D:5)
  3 jellies (D:5)
  2 orc priests
  A centaur skeleton (D:4)
  4 orc wizards
  Natasha (thrice) (D:4)
  2 worker ants
  A worker ant zombie (D:5)
  10 gnolls
  2 river rats (Sewer)
  6 adders
  A shadow imp (D:3)
  2 oozes
  An adder skeleton (D:4)
  2 worms
  4 dart slugs
  5 leopard geckos
  14 orcs
  6 giant cockroaches
  14 goblins
  10 hobgoblins
  23 jackals
  10 kobolds
  3 quokkas
  5 ball pythons
  10 bats
  10 frilled lizards
  A quokka skeleton (D:4)
  A quokka zombie (D:5)
  14 rats
188 creatures vanquished.

Notes
Turn   | Place    | Note
-------+----------+-------------------------------------------
     0 | D:1      | GotenAND the Deep Dwarf Fighter began the quest for the
                  | Orb.
     0 | D:1      | Reached XP level 1. HP: 20/20 MP: 1/1
    50 | D:1      | Reached XP level 2. HP: 24/27 MP: 2/2
   237 | D:1      | Reached XP level 3. HP: 18/33 MP: 3/3
   735 | D:2      | Reached skill level 1 in Spellcasting
   881 | D:2      | Found an ornate altar of the Wu Jian Council.
  1024 | D:3      | Reached XP level 4. HP: 34/42 MP: 5/5
  1028 | D:3      | Reached skill level 3 in Axes
  1112 | D:3      | Found a transporter.
  1114 | D:3      | Noticed libidonplus's ghost (weakling DsGl)
  1122 | D:3      | Found a transporter.
  1324 | D:3      | Noticed a bullfrog
  1338 | D:3      | Killed a bullfrog
  1338 | D:3      | Reached skill level 4 in Axes
  1338 | D:3      | Reached XP level 5. HP: 31/49 MP: 5/5
  1443 | D:3      | Reached skill level 1 in Dodging
  1443 | D:3      | Reached XP level 6. HP: 33/56 MP: 7/7
  1675 | D:3      | Killed libidonplus's ghost
  1721 | D:4      | Found an ancient bone altar of Kikubaaqudgha.
  1808 | D:4      | Noticed Natasha
  1818 | D:4      | Killed Natasha
  1833 | D:4      | Reached skill level 5 in Axes
  2020 | D:4      | Noticed Natasha
  2031 | D:4      | Reached XP level 7. HP: 38/62 MP: 8/8
  2042 | D:4      | Reached skill level 5 in Shields
  2043 | D:4      | Killed Natasha
  2052 | D:4      | Noticed Natasha
  2053 | D:4      | Found a glowing drain.
  2059 | D:4      | Killed Natasha
  2116 | Sewer    | Entered a sewer
  2218 | Sewer    | Reached skill level 6 in Axes
  2236 | Sewer    | Found a glowing silver altar of Zin.
  2356 | D:4      | Found a stormy altar of Qazlal.
  2369 | D:4      | Found a burning altar of Makhleb.
  2371 | D:4      | Found a blossoming altar of Fedhas.
  2376 | D:4      | Became a worshipper of Makhleb the Destroyer
  2383 | D:4      | Found a hide-covered altar of Uskayaw.
  2543 | D:5      | Entered Level 5 of the Dungeon
  2822 | D:5      | Reached skill level 5 in Armour
  2822 | D:5      | Reached XP level 8. HP: 57/72 MP: 10/10
  3068 | D:5      | Noticed Sigmund
  3084 | D:5      | Killed Sigmund
  3084 | D:5      | Reached skill level 7 in Axes
  3170 | D:5      | Reached * piety under Makhleb
  3491 | D:6      | Found an opulent altar of Gozag.
  3518 | D:6      | Reached skill level 8 in Axes
  3660 | D:6      | Slain by an orc warrior

Skill      XL: |  1  2  3  4  5  6  7  8 |
---------------+-------------------------+-----
Fighting       | 3 4 |  4.7
Spellcasting   | 1 2 3 |  3.0
Axes           | 4 5 6 8 |  8.1
Shields        | 4 5 6 |  6.3
Armour         | 4 5 |  5.8
Dodging        | 1 2 |  2.4

Action                   |  1- 3 |  4- 6 |  7- 9 || total
-------------------------+-------+-------+-------++-------
Melee: War axe           |   141 |   226 |   285 ||   652
 Abil: Heal Wounds       |     1 |     5 |    11 ||    17
  Use: Scroll            |       |       |    13 ||    13
       Potion            |       |       |     6 ||     6
  Eat: Chunk             |     1 |     4 |     6 ||    11
Armor: Scale mail        |    78 |   133 |   163 ||   374
Dodge: Dodged            |    49 |    97 |   119 ||   265
Block: Shield            |    86 |   162 |   169 ||   417
